AoeStats
← Zhangchenguang1922

Arabia

507917342Analyzed
1v1 RM · 11d ago on Sep 20, 2026· 35m 37s· 2 players
Game mode
Random Map
Map size
Tiny (2 player)
Population
200
Speed
Normal
Resources
Standard
Victory
Conquest
Starting age
Dark Age
Ending age
Imperial Age
RankedLock teamsTeams togetherTeam positionsShared explorationLock speedFull tech treeHidden civsTurbo modeCheats
Victory
Defeat
🇨🇳 Italians · China
822
+16
🇦🇷 Khmer · Argentina
820
-16
pmestre222
3:49 Loom
4:47 Loom
13:20 Feudal Age
17:58 Castle Age
30:56 Husbandry
Zhangchenguang1922
5:12 Loom
10:22 Feudal Age
10:58 Double-Bit Axe
15:33 Wheelbarrow
16:48 Bloodlines
17:30 Scale Barding Armor
17:37 Horse Collar
22:11 Castle Age
24:58 Husbandry
31:55 Chain Barding Armor
36:00 Husbandry
Connection lost

Rejoining the realm…

Still unreachable

The connection could not be restored.

Session expired

The server has moved on; the page needs a fresh start.